 Dungeon Crawl Stone Soup version 0.20-a0-466-gc52d0eb (webtiles) character file.

170 Banto the Poker (level 5, -1/38 HPs)
             Began as a Human Skald on Jan 13, 2017.
             Slain by a bullfrog skeleton (5 damage)
             ... on level 4 of the Dungeon.
             The game lasted 00:03:09 (2666 turns).

Banto the Poker (Human Skald)                       Turns: 2666, Time: 00:03:09

Health: -1/38      AC:  3    Str: 11    XL:     5   Next: 80%
Magic:  3/8        EV: 12    Int: 13    God:
Gold:   144        SH:  0    Dex: 14    Spells: 2/8 levels left

rFire  . . .     SeeInvis .     a - +0 spear
rCold  . . .     Gourm    .     b - +0 leather armour
rNeg   . . .     Faith    .     (no shield)
rPois  .         Spirit   .     (no helmet)
rElec  .         Reflect  .     (no cloak)
rCorr  .         Harm     .     (no gloves)
MR     .....                    (no boots)
Stlth  +.........               (no amulet)
                                (no ring)
                                (no ring)

@: no status effects
A: no striking features
a: no special abilities


You were on level 4 of the Dungeon.
You were near starving.

You visited 1 branch of the dungeon, and saw 4 of its levels.

You collected 144 gold pieces.

Inventory:

Hand Weapons
 a - a +0 spear (weapon)
Armour
 b - a +0 leather armour (worn)
 f - a +0 ring mail of magic resistance
 g - a +0 helmet
Scrolls
 e - a scroll of enchant weapon {unknown}
 i - 2 scrolls of magic mapping {unknown}
 j - 2 scrolls of remove curse {unknown}
 k - a scroll of enchant armour {unknown}
 l - 2 scrolls of blinking {unknown}
 q - a scroll of random uselessness {unknown}
 s - 2 scrolls of identify {unknown}
 t - a scroll of teleportation {unknown}
 u - a scroll of immolation {unknown}
Potions
 o - a potion of haste {unknown}
 p - 2 potions of magic {unknown}
 r - a potion of lignification {unknown}
 v - a potion of curing
 w - a potion of beneficial mutation {unknown}
Books
 c - a book of Battle

   Spells                             Type                      Level
   a - Infusion                       Charms                       1
   b - Shroud of Golubria             Charms/Translocation         2
   c - Song of Slaying                Charms                       2
   d - Spectral Weapon                Hexes/Charms                 3
   e - Regeneration                   Charms/Necromancy            3
Comestibles
 d - a bread ration
 h - 3 fruits
 n - a slice of pizza
 x - a meat ration


   Skills:
 - Level 2.0 Fighting
 - Level 4.0 Polearms
 - Level 1.0 Armour
 - Level 2.0 Dodging
 - Level 2.0 Spellcasting
 + Level 2.6 Hexes
 + Level 3.8 Charms


You had 2 spell levels left.
You knew the following spells:

 Your Spells              Type           Power        Failure   Level  Hunger
a - Infusion              Chrm           ##..         10%         1    ##.....
b - Song of Slaying       Chrm           ##......     12%         2    ###....
c - Spectral Weapon       Hex/Chrm       #.......     30%         3    ####...


Dungeon Overview and Level Annotations

Branches:
Dungeon (4/15)
 Temple: D:4-7

Altars:
Hepliaklqana
Trog


Message History

You reach to attack!
You hit the bullfrog skeleton.
The bullfrog skeleton is heavily damaged.
Your spectral weapon hits the bullfrog skeleton.
The bullfrog skeleton hits your spectral weapon!
Your spectral weapon shares its damage with you!
Your spectral weapon fades away.
* * * LOW HITPOINT WARNING * * *
You take 1 damage, and have 4/38 hp.
Attack whom?
Press: ? - help, Dir - move target cursor, f/p - bullfrog skeleton
Aim: a bullfrog skeleton (heavily damaged)
You reach to attack!
You completely miss the bullfrog skeleton.
The bullfrog skeleton is heavily damaged.
Casting: Spectral Weapon
Confirm with . or Enter, or press ? or * to list all spells.
You draw out your weapon's spirit!
You are near starving!
The bullfrog skeleton hits you.
You die...

#.##.#..## #?#
#.##........###.##
#........###.#...##
######.## ##.....# ##.##
##...## #.{# #..#######
##o## #......... ##Z##
#.#.####### ##@# #.##.#
##(..# #.####
############### #(#..
#.........# #.#.#
#.#######.# #.#.####.#
#.# #.# #####........#
#.#
#####.###.......†###.#
#.###^........###.#..#
#.........######........


You could see an orc, a bullfrog skeleton and a friendly spectral spear.

Vanquished Creatures
  A jelly (D:3)
  A hound (D:3)
  4 adders
  2 worms (D:2)
  A dart slug (D:3)
  4 leopard geckos
  An orc (D:4)
  A ball python (D:2)
  5 giant cockroaches (D:1)
  7 hobgoblins
  2 quokkas
  9 bats
  2 frilled lizards
  10 goblins
  4 kobolds
  9 rats
63 creatures vanquished.

Vanquished Creatures (others)
  A spectral weapon (D:4)
1 creature vanquished.

Grand Total: 64 creatures vanquished

Notes
Turn   | Place    | Note
-------+----------+-------------------------------------------
     0 | D:1      | Banto the Human Skald began the quest for the Orb.
     0 | D:1      | Reached XP level 1. HP: 16/16 MP: 3/3
   197 | D:1      | Reached XP level 2. HP: 22/22 MP: 5/5
   434 | D:1      | Reached skill level 3 in Polearms
   543 | D:1      | Reached XP level 3. HP: 17/27 MP: 4/6
   547 | D:1      | Learned a level 2 spell: Song of Slaying
   551 | D:1      | Learned a level 3 spell: Spectral Weapon
  1152 | D:2      | Reached skill level 4 in Polearms
  1152 | D:2      | Reached XP level 4. HP: 21/33 MP: 1/7
  1575 | D:2      | Reached skill level 1 in Hexes
  1956 | D:3      | Found a hazy altar of Hepliaklqana.
  1972 | D:3      | Reached XP level 5. HP: 34/38 MP: 4/8
  2112 | D:3      | Found a bloodstained altar of Trog.
  2666 | D:4      | Slain by a bullfrog skeleton

Vault maps used:
D:1:      dpeg_arrival_concentric_ovals, serial_forest,
          infiniplex_forest_lined_4_way, infiniplex_forest_end_1,
          infiniplex_forest_clump_small, infiniplex_forest_clump_long,
          infiniplex_forest_lined_2, infiniplex_forest_lined_room_3,
          infiniplex_forest_zigzag_2, infiniplex_forest_side_room
D:3:      chequers_temple_overflow_statue_of_worship

Skill      XL: |  1  2  3  4  5 |
---------------+----------------+-----
Polearms       | 3 4 |  4.0
Hexes          | 1 2 |  2.6
Fighting       | |  2.0
Armour         | |  1.0
Dodging        | |  2.0
Spellcasting   | |  2.0
Charms         | |  3.8

Action                   |  1- 3 |  4- 6 || total
-------------------------+-------+-------++-------
Melee: Spear             |   147 |   123 ||   270
 Cast: Infusion          |     2 |       ||     2
       Spectral Weapon   |     1 |     8 ||     9
  Use: Potion            |     1 |       ||     1
 Stab: Sleeping          |     1 |     1 ||     2
  Eat: Chunk             |     1 |     5 ||     6
Armor: Leather armour    |    32 |    16 ||    48
Dodge: Dodged            |    79 |    54 ||   133

Table legend:
 A = Turns spent in this place as a percentage of turns spent in the entire game.
 B = Non-inter-level travel turns spent in this place as a percentage of non-inter-level travel turns spent in the entire game.
 C = Inter-level travel turns spent in this place as a percentage of turns spent in this place.
 D = Turns resting spent in this place as a percentage of non-inter-level travel turns spent in this place.
 E = Turns spent auto-exploring this place as a percentage of non-inter-level travel turns spent in this place.
 F = Non-inter-level travel turns spent in this place divided by the number of levels of this place that you've seen.
                   A       B       C       D       E      F
               +-------+-------+-------+-------+-------+----------------------
         Total | 100.0 | 100.0 |   0.5 |   1.6 |  13.4 | 212.8
       Dungeon | 100.0 | 100.0 |   0.5 |   1.6 |  13.4 | 212.8
               +-------+-------+-------+-------+-------+----------------------

Table legend:
 A = Kills in this place as a percentage of kills in entire the game.
 B = Kills by you in this place as a percentage of kills by you in the entire game.
 C = Kills by friends in this place as a percentage of kills by friends in the entire game.
 D = Other kills in this place as a percentage of other kills in the entire game.
 E = Experience gained in this place as a percentage of experience gained in the entire game.
 F = Experience gained in this place divided by the number of levels of this place that you have seen.
                   A       B       C       D       E      F
               +-------+-------+-------+-------+-------+----------------------
         Total | 100.0 | 100.0 |  -nan |  -nan | 100.0 |  61.0
       Dungeon | 100.0 | 100.0 |  -nan |  -nan | 100.0 |  61.0
               +-------+-------+-------+-------+-------+----------------------
